AoeStats
← Rejmoj

Oasis

508716820Analyzed
4v4 RM · 7d ago on Sep 23, 2026· 52m 51s· 8 players
Game mode
Random Map
Map size
Large (8 player)
Population
200
Speed
Normal
Resources
Standard
Victory
Conquest
Starting age
Dark Age
Ending age
Imperial Age
RankedLock teamsTeams togetherTeam positionsShared explorationLock speedFull tech treeHidden civsTurbo modeCheats
Victory
Defeat
🇹🇷 Inca · Türkiye
1073
+10
🇹🇷 Goths · Türkiye
949
+15
🇹🇷 Chinese · Türkiye
902
+17
🇹🇷 Aztecs · Türkiye
839
+21
🇸🇪 Maya · Sweden
959
-17
🇸🇪 Danes · Sweden
938
-16
🇸🇪 Wei · Sweden
928
-15
🇸🇪 Muisca · Sweden
905
-15
Peadar Pàrcair
11:15 Feudal Age
13:54 Double-Bit Axe
14:58 Loom
19:40 Castle Age
17:54 Fletching
18:08 Scale Mail Armor
18:18 Forging
18:36 Padded Archer Armor
19:54 Crossbowman
21:00 Squires
22:06 Arson
23:51 Horse Collar
25:31 Stone Mining
28:16 Thumb Ring
29:46 Bow Saw
30:34 Elite Skirmisher
32:01 Wheelbarrow
32:34 Heavy Plow
32:47 Bodkin Arrow
33:08 Leather Archer Armor
33:40 Gold Mining
34:43 Bloodlines
34:34 Husbandry
38:07 Imperial Age
36:01 Hand Cart
37:58 Chain Mail Armor
38:19 Iron Casting
38:11 Gambesons
39:20 Conscription
40:22 Gold Shaft Mining
40:20 Plate Mail Armor
39:14 Elite Jomsviking
39:51 Capped Ram
40:04 Elite Varangian Guard
44:24 Blast Furnace
45:13 Bracer
46:38 Heavy Scorpion
49:33 Chemistry
49:14 Murder Holes
49:02 Hamask
51:02 Ballistics
magicOLIVER+
5:39 Loom
10:24 Feudal Age
12:11 Double-Bit Axe
19:02 Castle Age
17:52 Horse Collar
21:31 Bow Saw
22:36 Fletching
25:19 Heavy Plow
28:06 Padded Archer Armor
30:41 Leather Archer Armor
31:31 Wheelbarrow
30:42 Town Watch
34:39 Imperial Age
33:45 Murder Holes
34:02 Fortified Wall
35:06 Bodkin Arrow
35:43 Thumb Ring
36:11 Conscription
36:47 Ring Archer Armor
36:22 Gold Mining
37:46 Two-Man Saw
37:19 Ballistics
38:38 Elite Plumed Archer
41:54 Chemistry
40:32 Eagle Warrior
41:33 Stone Mining
43:09 Holcans
42:55 Bracer
43:07 Forging
42:58 Scale Mail Armor
43:13 Elite Eagle Warrior
43:39 Arson
43:55 Squires
Rejmoj
12:33 Feudal Age
18:26 Castle Age
21:00 Double-Bit Axe
23:02 Horse Collar
28:27 Stone Mining
28:35 Gold Mining
30:32 Bloodlines
32:04 Scale Barding Armor
36:01 Loom
41:31 Stone Shaft Mining
43:03 Crossbowman
Goose
8:10 Loom
10:38 Feudal Age
11:11 Double-Bit Axe
11:06 Horse Collar
11:17 Horse Collar
11:11 Champi Runner
16:39 Scale Mail Armor
18:44 Forging
19:19 Fletching
19:31 Padded Archer Armor
24:45 Castle Age
26:34 Heavy Plow
26:06 Champi Warrior
26:48 Squires
27:12 Bow Saw
27:49 Wheelbarrow
27:41 Bodkin Arrow
28:02 Leather Archer Armor
28:01 Elite Skirmisher
32:09 Thumb Ring
34:23 Hand Cart
35:04 Chain Mail Armor
37:25 Iron Casting
39:48 Imperial Age
40:30 Heavy Scorpion
41:34 Gold Mining
41:35 Stone Mining
43:45 Two-Man Saw
43:21 Gold Shaft Mining
44:42 Stone Shaft Mining
44:37 Crop Rotation
44:32 Bracer
45:03 Plate Mail Armor
45:58 Conscription
45:47 Elite Champi Warrior
48:21 Herbalism
51:26 Chemistry
50:47 Ballistics
RainyNight
9:22 Feudal Age
9:32 Loom
10:34 Double-Bit Axe
10:31 Champi Runner
13:13 Wheelbarrow
13:06 Arson
16:29 Forging
16:20 Scale Mail Armor
24:57 Castle Age
25:04 Gold Mining
26:01 Bow Saw
26:04 Squires
25:27 Pikeman
25:28 Champi Warrior
25:51 Horse Collar
26:59 Fletching
28:17 Hand Cart
30:21 Heavy Plow
31:27 Iron Casting
32:18 Bodkin Arrow
46:11 Imperial Age
46:13 Elite Champi Warrior
46:56 Fabric Shields
47:19 Conscription
46:22 Elite Kamayuk
48:13 Blast Furnace
50:36 Chain Mail Armor
Router
10:03 Loom
12:19 Feudal Age
13:39 Wheelbarrow
12:51 Double-Bit Axe
12:49 Horse Collar
13:01 Gold Mining
15:02 Stone Mining
18:42 Castle Age
16:45 Stone Mining
20:02 Hand Cart
21:34 Stone Shaft Mining
21:16 Bow Saw
21:10 Heavy Plow
23:10 Gold Shaft Mining
28:26 Squires
28:14 Gambesons
28:15 Arson
27:52 Pikeman
30:10 Town Watch
34:37 Forging
34:28 Scale Mail Armor
34:10 Eagle Warrior
36:58 Caravan
39:29 Imperial Age
39:54 Iron Casting
39:19 Scale Mail Armor
40:56 Conscription
40:58 Garland Wars
41:18 Elite Jaguar Warrior
44:30 Blast Furnace
43:45 Chain Mail Armor
43:21 Fletching
46:27 Capped Ram
47:45 Ballistics
48:24 Treadmill Crane
48:52 Siege Engineers
49:56 Plate Mail Armor
50:48 Bodkin Arrow
50:53 Padded Archer Armor
51:46 Siege Ram
53:09 Redemption
53:33 Crop Rotation
HMK
9:53 Feudal Age
12:09 Wheelbarrow
17:11 Castle Age
16:48 Double-Bit Axe
17:08 Horse Collar
28:04 Anarchy
29:03 Squires
29:09 Scale Mail Armor
29:45 Gold Mining
30:03 Caravan
30:48 Hand Cart
30:19 Town Watch
31:33 Fervor
34:54 Imperial Age
34:17 Town Patrol
35:04 Elite Huskarl
36:09 Conscription
36:58 Perfusion
37:13 Bow Saw
37:14 Heavy Plow
37:32 Chain Mail Armor
37:28 Forging
40:21 Iron Casting
42:37 Crop Rotation
43:09 Two-Man Saw
44:53 Blast Furnace
Silver Light
10:57 Feudal Age
9:12 Loom
18:49 Castle Age
16:50 Horse Collar
17:24 Stone Mining
21:01 Wheelbarrow
21:18 Gold Mining
22:31 Thumb Ring
22:37 Fletching
24:11 Ballistics
23:48 Murder Holes
24:25 Bodkin Arrow
24:32 Padded Archer Armor
24:32 Double-Bit Axe
25:14 Murder Holes
26:19 Leather Archer Armor
30:26 Gold Shaft Mining
33:01 Imperial Age
30:47 Hand Cart
31:52 Bow Saw
31:45 Heavy Plow
32:31 Stone Shaft Mining
34:56 Chemistry
34:00 Bracer
34:31 Ring Archer Armor
36:06 Elite Chu Ko Nu
43:31 Caravan
Connection lost

Rejoining the realm…

Still unreachable

The connection could not be restored.

Session expired

The server has moved on; the page needs a fresh start.